Map: Scalo orbitale

Players

Cadardossa

  • Race: Terran Terran
  • League: Diamond

Mørtebianca

  • Race: Terran Terran
  • League: Diamond

MaLaNa

  • Race: Zerg Zerg
  • League: Platinum

Jhyrachy

  • Race: Zerg Zerg
  • League: Silver

VOD

Have the link to the VOD?

Description

Time

  • Played on: Dec. 8, 2015, 2:56 p.m.
  • Length: 9:42
Show
View Real Time Build Order
Export as new Build Order

Cadardossa Terran 

Build Orders: Reaper Expand, Bio Hellbat 

Get SALT Encoding   

  12  0:01  SCV  
  13  0:13  SCV  
  14  0:23  Supply Depot  
  14  0:25  SCV  
  15  0:36  Refinery  
  15  0:44  SCV  
  15  0:45  Barracks  
  16  0:56  SCV  
  17  1:09  SCV  
  18  1:21  SCV  
  19  1:33  Reaper  
  19  1:34  Orbital Command  
  19  1:35  Supply Depot  
  20  1:52  Command Center  
  20  2:00  SCV  
  21  2:08  Factory  
  21  2:12  SCV  
  21  2:14  Marine  
  23  2:21  Supply Depot  
  23  2:27  SCV  
  24  2:39  SCV  
  25  2:45  Barracks Tech Lab  
  25  2:51  SCV  
  25  2:53  Refinery  
  25  2:56  Starport  
  25  2:58  Hellion  
  28  3:04  Marine, SCV  
  30  3:13  Barracks  
  30  3:16  Orbital Command  
  30  3:17  SCV  
  31  3:22  Widow Mine  
  33  3:29  Stimpack  
  33  3:30  Marine  
  33  3:34  SCV  
  35  3:44  Medivac  
  35  3:47  Marine  
  38  3:51  SCV x2, Supply Depot  
  40  3:56  Widow Mine  
  42  4:03  SCV x2  
  42  4:08  Refinery  
  42  4:09  Barracks Reactor  
  44  4:14  Marauder  
  44  4:15  SCV  
  47  4:20  Barracks  
  47  4:25  Widow Mine  
  47  4:26  SCV  
  47  4:27  SCV  
  51  4:34  Engineering Bay  
  51  4:35  Armory  
  50  4:45  Marine  
  50  4:46  Marauder  
  50  4:47  Marine  
  50  4:51  SCV  
  50  4:52  SCV  
  56  4:53  Widow Mine  
  56  4:58  Medivac  
  60  5:01  Supply Depot  
  60  5:03  Supply Depot  
  60  5:04  Terran Infantry Weapons Level 1  
  60  5:08  Engineering Bay  
  60  5:12  SCV x2  
  58  5:16  Barracks Reactor  
  58  5:20  Marine  
  58  5:21  Marine  
  59  5:22  Barracks  
  59  5:24  Marauder  
  61  5:30  Combat Shields  
  58  5:37  Medivac  
  58  5:40  SCV  
  61  5:43  Refinery  
  61  5:47  Factory Tech Lab  
  61  5:48  Command Center, Marine  
  61  5:49  Marine  
  63  5:52  Marauder  
  63  5:53  Marine  
  63  5:55  Marine  
  67  5:59  SCV x2  
  67  6:02  Supply Depot  
  69  6:06  Terran Infantry Armor Level 1, Marine  
  68  6:13  Marine  
  68  6:14  Marauder  
  71  6:19  Infernal Pre-Igniter  
  71  6:21  Hellbat  
  71  6:23  Barracks Tech Lab  
  73  6:26  Marine x3  
  73  6:30  Marine  
  77  6:39  SCV x2  
  79  6:40  Terran Vehicle Weapons Level 1  
  81  6:47  Hellbat  
  81  6:48  Marauder, Marine, Factory  
  81  6:50  Starport Reactor  
  81  6:52  SCV  
  84  6:57  Supply Depot  
  84  6:58  Supply Depot  
  80  7:12  Marauder, Marine x4  
  82  7:25  Marauder  
  82  7:26  Medivac x2  
  82  7:27  Orbital Command  
  82  7:29  Marine  
  87  7:30  Barracks  
  87  7:31  Marine  
  87  7:33  Marauder  
  87  7:34  Factory Reactor  
  91  7:37  Hellbat  
  91  7:42  Supply Depot  
  93  7:45  Orbital Command  
  93  7:47  Marauder  
  95  7:53  Marine x4  
  95  7:55  Marauder  
  92  8:01  Supply Depot, Medivac  
  92  8:04  Medivac  
  96  8:07  Marine  
  96  8:09  SCV  
  96  8:10  Marine  
  96  8:11  SCV  
  96  8:12  SCV  
  101  8:15  Hellbat  
  103  8:23  Barracks Reactor  
  103  8:24  Marine x4  
  107  8:27  Refinery  
  107  8:33  Marauder, Refinery, Marine  
  108  8:42  Hellbat x2  
  108  8:43  Hellbat  
  108  8:44  Marine  
  108  8:45  Marine  
  108  8:47  SCV  
  108  8:48  SCV  
  106  8:49  SCV  
  107  8:59  SCV  
  107  9:00  SCV  
  107  9:01  SCV  
  107  9:02  Marine x3  
  112  9:04  Marine  
  120  9:15  Marauder, Marine x2  
  124  9:19  SCV  
  124  9:20  SCV  
  126  9:24  Sensor Tower, Supply Depot  
  126  9:27  Supply Depot  
  126  9:28  Supply Depot  
  123  9:38  Missile Turret  
  123  9:41  Missile Turret  
Show
View Real Time Build Order
Export as new Build Order

Mørtebianca Terran 

Build Orders:  

Get SALT Encoding   

  12  0:01  Drone  
  13  0:08  Drone  
  14  0:18  Overlord  
  14  0:36  Drone x3  
  17  0:53  Hatchery  
  17  0:56  Drone  
  17  1:10  Spawning Pool  
  16  1:33  Hatchery  
  16  1:37  Drone  
  16  1:40  Extractor, Drone  
  16  1:44  Drone  
  17  1:58  Drone  
  17  2:00  Drone  
  19  2:06  Drone  
  20  2:11  Drone  
  20  2:12  Queen  
  23  2:22  Queen  
  25  2:25  Zergling x2  
  25  2:28  Zergling x2  
  27  2:31  Drone  
  28  2:48  Drone  
  28  2:49  Drone x3  
  30  2:53  Drone  
  30  2:57  Drone  
  32  3:00  Drone  
  32  3:05  Metabolic Boost  
  33  3:11  Drone x2  
  34  3:16  Overlord  
  33  3:33  Queen  
  33  3:34  Drone x2  
  36  3:35  Drone, Overlord  
  36  3:36  Queen  
  36  3:40  Drone  
  41  3:41  Drone  
  42  3:49  Overlord  
  42  3:53  Queen  
  42  3:55  Overlord  
  43  3:58  Drone x2  
  43  4:00  Drone  
  43  4:01  Drone  
  43  4:02  Drone  
  48  4:04  Drone  
  48  4:05  Extractor  
  48  4:10  Extractor  
  48  4:11  Drone x3  
  48  4:12  Drone  
  50  4:25  Drone  
  50  4:27  Extractor  
  50  4:28  Drone x3  
  50  4:29  Drone  
  50  4:30  Drone  
  55  4:32  Extractor  
  55  4:35  Drone x3  
  55  4:36  Drone  
  58  4:38  Drone x2  
  58  4:39  Drone  
  58  4:44  Zergling x2  
  58  4:45  Zergling x2  
  58  4:54  Zergling x2  
  58  4:55  Zergling x8  
  58  4:59  Spore Crawler x2  
  61  5:00  Spore Crawler  
  61  5:04  Drone x2, Spine Crawler  
  61  5:06  Spine Crawler  
  53  5:21  Drone x3  
  53  5:22  Drone x3  
  53  5:23  Drone x2  
  60  5:35  Drone  
  60  5:36  Drone x2  
  60  5:39  Lair  
  60  5:41  Roach Warren  
  61  5:56  Drone x4  
  65  5:59  Drone  
  65  6:01  Overlord  
  66  6:11  Zergling x8  
  62  6:12  Zergling x2  
  62  6:15  Hatchery  
  62  6:16  Zergling x2  
  62  6:17  Zergling x2  
  64  6:27  Zergling x4  
  64  6:28  Zergling x12  
  64  6:32  Zergling x6  
  70  6:38  Overseer  
  70  6:39  Overseer  
  65  6:41  Roach x3  
  65  6:45  Hydralisk Den  
  68  6:47  Roach x3  
  68  6:51  Overlord  
  73  6:58  Drone  
  73  7:03  Zergling x2  
  73  7:05  Overlord x2  
  73  7:06  Queen  
  73  7:12  Queen  
  73  7:16  Overlord  
  73  7:17  Hydralisk x3  
  73  7:18  Hydralisk x2  
  73  7:19  Overlord  
  78  7:25  Hydralisk x3  
  78  7:28  Glial Reconstitution  
  84  7:32  Drone x2  
  84  7:36  Drone  
  87  7:39  Drone  
  87  7:47  Hydralisk x2  
  87  7:48  Hydralisk x2  
  87  7:49  Hydralisk  
  95  7:54  Queen  
  97  8:02  Drone x2  
  97  8:03  Drone  
  97  8:05  Drone x2  
  102  8:09  Extractor, Muscular Augments  
  101  8:13  Drone x3  
  101  8:15  Evolution Chamber  
  101  8:17  Evolution Chamber  
  102  8:21  Drone  
  102  8:22  Hydralisk x2  
  102  8:23  Hydralisk  
  109  8:27  Hydralisk  
  109  8:29  Hydralisk  
  109  8:32  Hydralisk  
  113  8:37  Overlord x2  
  106  8:44  Roach x2  
  106  8:47  Roach  
  86  8:55  Roach x2  
  86  8:59  Roach  
  86  9:01  Roach  
  86  9:02  Roach x2  
  85  9:04  Roach x2  
  85  9:05  Roach  
  85  9:07  Roach x2  
  90  9:14  Roach  
  90  9:16  Hydralisk  
Show
View Real Time Build Order
Export as new Build Order

MaLaNa Zerg 

Build Orders:  

Get SALT Encoding   

Show
View Real Time Build Order
Export as new Build Order

Jhyrachy Zerg 

Build Orders:  

Get SALT Encoding   

Tags
 
Add a new tag
Caveats
  • Supply blocks, unpowered buildings, or Contaminate may cause inaccurate times.
  • Supply counts are checked every 10 seconds.